Map: Neon Violet Square LE

Players

Bly - Winner!

  • Race: Zerg Zerg
  • Spawn Location: 11:00

Probe

  • Race: Protoss Protoss
  • Spawn Location: 5:00

Event: WCS Leipzig 2018

VOD

Have the link to the VOD?

Description

Time

  • Played on: Jan. 26, 2018, 12:32 p.m.
  • Length: 14:07

All games in this series

Show
View Real Time Build Order
Export as new Build Order

Bly Zerg - Winner!

Build Orders: Hatch First, Lurkers 

Get SALT Encoding   

  12  0:02  Drone  
  13  0:13  Overlord  
  13  0:18  Drone  
  14  0:32  Drone x2  
  16  0:38  Drone  
  17  0:52  Hatchery  
  16  0:58  Drone  
  16  0:59  Drone  
  16  1:02  Extractor  
  17  1:15  Spawning Pool  
  16  1:19  Drone  
  16  1:21  Drone  
  18  1:29  Drone  
  19  1:40  Overlord  
  20  1:54  Drone  
  21  2:01  Drone  
  21  2:02  Queen  
  21  2:03  Queen  
  21  2:04  Zergling x2  
  26  2:11  Metabolic Boost  
  26  2:13  Drone  
  27  2:22  Drone  
  28  2:25  Drone  
  29  2:39  Hatchery  
  28  2:45  Drone x2  
  28  2:46  Overlord  
  30  2:52  Queen  
  30  2:56  Drone  
  30  2:57  Drone  
  34  3:03  Drone x2  
  36  3:13  Drone x5  
  41  3:20  Overlord  
  41  3:25  Zergling x2  
  42  3:33  Zergling x4  
  44  3:41  Overlord  
  44  3:44  Lair  
  44  3:45  Drone x2  
  44  3:46  Drone  
  44  3:47  Drone x2  
  49  3:50  Drone x2  
  51  3:56  Overlord x2  
  51  3:57  Overlord  
  51  4:03  Extractor  
  51  4:04  Extractor  
  51  4:07  Drone x3  
  52  4:10  Extractor  
  52  4:13  Drone  
  52  4:20  Drone x4  
  55  4:28  Drone x3  
  56  4:40  Drone x3  
  56  4:41  Spore Crawler  
  56  4:42  Spore Crawler  
  56  4:44  Hydralisk Den  
  56  4:45  Drone x4  
  60  4:53  Overlord  
  60  5:00  Overlord  
  60  5:02  Drone x2  
  60  5:05  Extractor  
  61  5:12  Hydralisk x2  
  61  5:13  Hydralisk x3  
  61  5:14  Hatchery  
  70  5:22  Hydralisk x3  
  70  5:26  Muscular Augments  
  74  5:38  Hydralisk x2  
  74  5:39  Overlord  
  74  5:42  Zergling x8  
  82  5:44  Overlord  
  82  5:46  Overseer  
  82  5:49  Overlord  
  81  5:56  Overlord  
  81  6:03  Hydralisk x2  
  81  6:04  Hydralisk x2  
  83  6:05  Zergling x2  
  90  6:12  Zergling x10  
  90  6:17  Zergling x2  
  90  6:18  Zergling x6  
  99  6:26  Lurker Den  
  99  6:29  Hydralisk  
  99  6:30  Hydralisk  
  102  6:33  Overlord  
  102  6:34  Drone  
  102  6:35  Drone  
  102  6:37  Extractor  
  103  6:50  Drone x5  
  103  6:51  Drone x5  
  112  6:54  Overlord  
  112  7:01  Overlord  
  109  7:12  Drone x3  
  109  7:14  Overlord  
  109  7:31  Drone x8  
  109  7:35  Overlord  
  117  7:41  Overlord  
  117  7:43  Spore Crawler  
  116  7:55  Lurker x3  
  116  7:56  Lurker x4  
  116  7:57  Lurker x6  
  116  7:58  Lurker  
  130  8:01  Zergling x6  
  130  8:02  Zergling x16  
  141  8:09  Hydralisk x3  
  146  8:23  Extractor  
  146  8:25  Extractor  
  146  8:26  Hydralisk  
  144  8:27  Hydralisk x3  
  144  8:32  Hatchery, Evolution Chamber  
  144  8:33  Drone x3  
  153  8:34  Drone  
  153  8:36  Drone  
  153  8:37  Drone  
  156  8:42  Overlord  
  156  8:48  Spire  
  155  9:02  Zerg Missile Weapons Level 1  
  152  9:27  Zergling x26  
  152  9:28  Overlord  
  165  9:43  Overlord x4  
  163  9:46  Overlord  
  163  9:51  Drone x7, Infestation Pit  
  163  9:52  Drone  
  170  10:00  Extractor  
  170  10:05  Extractor  
  166  10:07  Mutalisk x12  
  190  10:15  Spine Crawler x2, Mutalisk  
  190  10:17  Mutalisk  
  192  10:30  Hive  
  192  10:33  Spine Crawler x2  
  192  10:34  Drone x3  
  192  10:35  Spine Crawler  
  148  11:34  Corruptor x9  
  148  11:35  Corruptor x6  
  178  11:51  Greater Spire  
  178  11:52  Zerg Melee Weapons Level 1  
  178  11:56  Evolution Chamber  
  176  12:18  Adaptive Talons  
  170  12:37  Corruptor x3  
  170  12:38  Corruptor x4  
  170  12:41  Zergling x2  
  170  12:42  Zergling x12  
  148  13:16  Hydralisk x14  
  165  13:46  Overseer  
  165  13:47  Overseer  
Show
View Real Time Build Order
Export as new Build Order

Probe Protoss 

Build Orders: 1 Gate Expand, Oracle Opening, Phoenix Opening, Carriers 

Get SALT Encoding   

  12  0:00  Probe  
  13  0:12  Probe  
  14  0:19  Pylon  
  14  0:24  Probe  
  15  0:37  Probe (Chrono Boost)  
  15  0:42  Gateway  
  16  0:48  Probe (Chrono Boost), Assimilator  
  17  0:53  Probe (Chrono Boost)  
  18  1:03  Probe  
  19  1:15  Probe  
  20  1:26  Nexus  
  20  1:35  Cybernetics Core  
  20  1:38  Probe  
  21  1:46  Assimilator  
  21  1:50  Probe  
  22  1:54  Pylon  
  22  2:02  Probe  
  23  2:10  Probe, Adept (Chrono Boost)  
  23  2:12  Warp Gate  
  26  2:18  Probe  
  27  2:28  Probe  
  27  2:32  Stargate  
  27  2:34  Adept (Chrono Boost)  
  30  2:40  Probe x2  
  32  2:52  Probe, Adept (Chrono Boost)  
  32  2:53  Probe  
  36  3:04  Probe  
  36  3:05  Probe  
  38  3:16  Probe, Gateway, Phoenix (Chrono Boost)  
  38  3:17  Probe  
  42  3:21  Pylon  
  42  3:28  Gateway  
  42  3:29  Probe  
  42  3:31  Probe  
  44  3:38  Oracle (Chrono Boost)  
  47  3:41  Probe  
  47  3:46  Pylon  
  47  3:48  Assimilator  
  48  3:50  Assimilator  
  48  3:51  Probe  
  48  3:53  Probe  
  50  4:03  Probe  
  50  4:06  Probe  
  50  4:07  Oracle (Chrono Boost)  
  55  4:11  Pylon  
  55  4:15  Probe  
  56  4:18  Probe  
  56  4:19  Adept  
  59  4:27  Probe  
  59  4:30  Probe  
  60  4:38  Nexus  
  60  4:39  Probe  
  60  4:42  Probe  
  60  4:44  Pylon  
  62  4:50  Robotics Facility  
  62  4:51  Probe  
  62  4:52  Sentry  
  65  4:54  Probe  
  66  5:03  Adept, Probe, Sentry  
  66  5:06  Probe  
  72  5:07  Forge  
  72  5:15  Probe  
  72  5:18  Probe  
  74  5:27  Probe  
  75  5:31  Probe  
  75  5:34  Pylon  
  76  5:37  Twilight Council, Robotics Bay  
  76  5:39  Observer  
  76  5:41  Probe  
  78  5:45  Pylon x2  
  78  5:50  Gateway, Protoss Ground Weapons Level 1  
  78  5:52  Gateway  
  78  5:56  Probe x2  
  80  6:05  Sentry  
  80  6:08  Probe x2  
  88  6:20  Colossus (Chrono Boost)  
  88  6:21  Shield Battery  
  88  6:22  Nexus  
  90  6:27  Shield Battery, Pylon  
  90  6:30  Pylon  
  90  6:37  Stalker x2  
  94  6:46  Stalker  
  96  6:51  Sentry, Cybernetics Core  
  96  6:52  Sentry  
  100  6:57  Observer  
  100  7:04  Gateway  
  100  7:05  Gateway  
  100  7:07  Probe  
  100  7:08  Probe  
  102  7:16  Pylon  
  102  7:18  Pylon  
  102  7:19  Pylon  
  102  7:29  Colossus (Chrono Boost)  
  102  7:33  Protoss Ground Weapons Level 2 (Chrono Boost)  
  102  7:34  Probe  
  109  7:41  Assimilator  
  109  7:42  Stalker x4  
  109  7:43  Assimilator  
  117  7:58  Stargate  
  117  7:59  Stargate  
  117  8:04  Nexus  
  117  8:07  Sentry  
  117  8:08  Sentry, Charge (Chrono Boost)  
  121  8:15  Zealot x2  
  125  8:20  Sentry, Zealot  
  129  8:34  Colossus  
  129  8:36  Zealot x3  
  141  8:50  Pylon  
  141  8:51  Pylon  
  141  8:52  Pylon  
  141  8:54  Pylon  
  141  8:58  Pylon  
  141  9:09  Fleet Beacon  
  79  9:17  Extended Thermal Lance  
  141  9:24  Zealot  
  141  9:25  Zealot x5  
  153  9:39  Blink (Chrono Boost)  
  159  9:53  Carrier (Chrono Boost)  
  159  9:56  Carrier x2 (Chrono Boost)  
  171  10:13  Pylon  
  171  10:14  Protoss Air Weapons Level 1 (Chrono Boost), Pylon  
  171  10:15  Pylon  
  171  10:16  Protoss Air Armor Level 1 (Chrono Boost), Pylon  
  171  10:35  Pylon  
  171  10:36  Pylon  
  171  10:54  Nexus  
  171  10:56  Anion Pulse-Crystals (Chrono Boost)  
  167  10:58  Pylon  
  165  11:08  Phoenix (Chrono Boost)  
  165  11:09  Phoenix (Chrono Boost)  
  165  11:11  Stalker x3  
  169  11:12  Phoenix (Chrono Boost)  
  150  11:31  Carrier  
  149  11:53  Graviton Catapult (Chrono Boost)  
  149  12:00  Nexus  
  143  12:12  Carrier  
  149  12:24  Stalker x3  
  152  12:37  Carrier  
  152  12:43  Stalker  
  157  12:58  Stalker x3  
  121  13:11  Zealot x3  
  116  13:22  Sentry x2  
  110  13:32  Zealot x4  
  116  13:36  Templar Archives  
  116  13:46  Sentry  
  95  13:51  Zealot  
  95  13:52  Zealot x2  
Tags
 
Add a new tag
Caveats
  • Supply blocks, unpowered buildings, or Contaminate may cause inaccurate times.
  • Supply counts are checked every 10 seconds.